 Dungeon Crawl Stone Soup version 0.30-a0-556-g0a0f5a245f (webtiles) character file.

Game seed: 17383171726218474831

3329 M4edhros the Covert (level 10, -1/97 (100) HPs)
             Began as an Octopode Artificer on Dec 27, 2022.
             Was an Elder of Cheibriados.
             Slain by a wight
             ... wielding a +2 battleaxe
              (4 damage)
             ... on level 8 of the Dungeon.
             The game lasted 00:08:47 (8006 turns).

M4edhros the Covert (Octopode Artificer)            Turns: 8006, Time: 00:08:48

HP:   -1/97 (100)   AC:  1    Str: 19 (21) XL:     10   Next: 2%
MP:   9/11          EV: 18    Int: 22 (23) God:    Cheibriados [****..]
Gold: 441           SH:  0    Dex: 24 (25) Spells: 9/9 levels left

rFire   . . .      SeeInvis .      - Unarmed
rCold   . . .      Faith    .    (no shield)
rNeg    . . .      Spirit   .    x - +0 hat
rPois   .          Reflect  .    (no amulet)
rElec   .          Harm     .    (no ring)
rCorr   .          Rampage  .    (no ring)
Will    .....                    (no ring) Stlth
                                 (no ring)
HPRegen 0.36/turn                (no ring)
MPRegen 0.12/turn                (no ring)
                                 (no ring)
                                 (no ring)

@: berserking, attractive, flying, hasted, lightly drained
A: almost no armour, amphibious, 8 rings, camouflage 1, gelatinous body 1,
(nimble swimmer 1), tentacles
a: Renounce Religion, Bend Time, Temporal Distortion, Slouch


You were on level 8 of the Dungeon.
You worshipped Cheibriados.
Cheibriados was greatly pleased with you.
You visited 2 branches of the dungeon, and saw 9 of its levels.

You collected 441 gold pieces.

Inventory:

Missiles
 m - 7 poisoned darts
Armour
 x - a +0 hat (worn)
Wands
 b - a wand of flame (21) (quivered)
 c - a wand of charming (2)
 d - a wand of iceblast (3)
 i - a wand of mindburst (18)
 o - a wand of quicksilver (4)
 y - a wand of paralysis (6)
Scrolls
 e - 2 scrolls of blinking {unknown}
 f - 2 scrolls of noise {unknown}
 g - 6 scrolls of teleportation {unknown}
 j - 3 scrolls of vulnerability {unknown}
 r - 2 scrolls of enchant armour {unknown}
 s - 2 scrolls of silence {unknown}
 t - 9 scrolls of identify {unknown}
 u - a scroll of torment {unknown}
 v - a scroll of acquirement {unknown}
 w - a scroll of immolation {unknown}
Potions
 k - 2 potions of heal wounds
 n - a potion of magic
 p - 2 potions of haste
 q - 2 potions of brilliance


   Skills:
 + Level 5.6 Fighting
 + Level 6.0 Dodging
 + Level 8.0 Stealth
 * Level 7.9 Unarmed Combat
 * Level 1.8 Invocations
 + Level 6.8 Evocations


You had 9 spell levels left.
You didn't know any spells.
Your spell library contained the following spells:

 Spells                   Type           Power      Damage    Failure   Level
 Beastly Appendage        Tmut           0%         N/A       17%         1
 Magic Dart               Conj           0%         1d3       17%         1
 Searing Ray              Conj           0%         2d4       26%         2
 Wereblood                Tmut           0%         N/A       26%         2
 Frozen Ramparts          Ice            0%         1d1       45%         3
 Spider Form              Tmut/Pois      0%         N/A       45%         3
 Tukima's Dance           Hex            0%         N/A       45%         3
 Fulminant Prism          Conj/Hex       0%         3d5       86%         4
 Ice Form                 Ice/Tmut       0%         N/A       86%         4
 Passage of Golubria      Tloc           0%         N/A       86%         4
 Summon Ice Beast         Ice/Summ       0%         N/A       86%         4
 Yara's Violent Unravell  Hex/Tmut       0%         3d3       99%         5


Dungeon Overview and Level Annotations

Branches:
Dungeon (8/15)             Temple (1/1) D:4
   Lair: D:8-11

Altars:
Cheibriados
Dithmenos
Elyvilon
Gozag
Makhleb
Nemelex Xobeh
Okawaru
Qazlal
Ru
Sif Muna
Trog
Wu Jian
Xom
Yredelemnul
Zin

Shops:
D:5 [

Annotations:
D:8 2 transporters


Innate Abilities, Weirdness & Mutations

You cannot wear most types of armour.
You are amphibious.
You can wear up to eight rings at the same time.
Your skin changes colour to match your surroundings (Stealth+).
Your rubbery body absorbs attacks. (AC +1, EV +1)
((You are camouflaged when in or above water. (Stealth+)))
You have tentacles for arms and can constrict up to eight enemies at once.


Message History

You closely miss the yak. You squeeze the yak!
The yak is moderately wounded.
The yak gores you!
You bludgeon the yak!
The yak is heavily wounded.
The yak gores you!
* * * LOW HITPOINT WARNING * * *
You bludgeon the yak! You tentacle-slap the yak.
You kill the yak!
Cheibriados appreciates the change of pace.
The wight is attracted toward you.
Your life force feels restored.
You bludgeon the wight! You grab the wight.
The wight is severely damaged.
You constrict the wight, but do no damage.
The wight misses you.
You bludgeon the wight!
You destroy the wight!
Cheibriados appreciates the change of pace.
The wight is attracted toward you. The yak is attracted toward you.
You have reached level 10!
You feel stronger.
Unknown command.
You bludgeon the wight! Your grab misses the wight. You squeeze the wight.
The wight is almost destroyed.
The wight closely misses you.
You bludgeon the wight!
You destroy the wight!
Cheibriados appreciates the change of pace.
The wight is attracted toward you.
You feel your dexterity returning.
Your Dodging skill increases to level 6!
Your Stealth skill increases to level 8!
You bludgeon the wight! You grab the wight.
The wight is severely damaged.
You constrict the wight.
The wight hits you with a +2 battleaxe!!
* * * LOW HITPOINT WARNING * * *
You feel drained.
You die...

#.# . #.# #. .. #.# #.#
... #.# #.# .... #.# #.#
..... #.###
####.####...... #.#..
..#..zh....... #.#.#
#.#Y#YY.h..... #†#.#
#@#zz#.#......
#.#.#######z#.##.#......
#.#..........§Y...........
#.............§.##.##.##.#
#####.#######.##.#... . .
#.# #.# #...#### #.# #.#
### #.# #.# #.. ..#


You could see a yak and a wight.

Vanquished Creatures
  Grinder (D:6)
  Sigmund (D:2)
  2 yaks (D:8)
  A steam dragon (D:6)
  An acid dragon (D:8)
  Duvessa (D:6)
  A water moccasin (D:6)
  2 ice beasts
  A sky beast (D:8)
  A black bear (D:6)
  2 ogres
  4 phantoms
  A bullfrog (D:8)
  A necrophage (D:5)
  A scorpion (D:4)
  2 wights (D:8)
  Dowan (D:6)
  2 killer bees (D:7)
  5 howler monkeys
  An orc priest (D:5)
  4 hounds
  A jelly (D:6)
  4 iguanas
  9 orc wizards
  3 gnolls (D:6)
  8 adders
  A shadow imp (D:5)
  2 ufetubi
  3 worms (D:2)
  3 dart slugs
  35 orcs
  5 endoplasms
  2 giant cockroaches (D:1)
  11 goblins
  5 hobgoblins
  3 jackals (D:1)
  3 quokkas
  7 ball pythons
  5 bats
  3 frilled lizards
  6 kobolds
  5 rats
160 creatures vanquished.

Vanquished Creatures (collateral kills)
  A gnoll (D:6)
  An adder (D:4)
  5 orcs
  A hobgoblin (D:4)
  A quokka (D:5)
9 creatures vanquished.

Vanquished Creatures (others)
  3 killer bees (D:7)
  An orc priest (D:5)
  An adder (D:4)
  A bush (D:3)
  5 plants (D:3)
11 creatures vanquished.

Grand Total: 180 creatures vanquished

Notes
Turn   | Place    | Note
-------+----------+-------------------------------------------
     0 | D:1      | M4edhros the Octopode Artificer began the quest for the
                  | Orb.
     0 | D:1      | Reached XP level 1. HP: 13/13 MP: 1/1
   125 | D:2      | Found a faded altar of an unknown god.
   136 | D:2      | Reached XP level 2. HP: 16/18 MP: 2/2
   279 | D:2      | Reached skill level 1 in Unarmed Combat
   506 | D:3      | Noticed a phantom
   520 | D:3      | Killed a phantom
   521 | D:3      | Reached skill level 2 in Stealth
   521 | D:3      | Reached XP level 3. HP: 5/24 MP: 3/3
   521 | D:3      | Reached XP level 4. HP: 6/29 MP: 4/4
   752 | D:3      | Reached XP level 5. HP: 34/34 MP: 5/5
   774 | D:3      | Reached skill level 3 in Stealth
  1088 | D:4      | Found a staircase to the Ecumenical Temple.
  1144 | D:4      | Noticed a phantom
  1152 | D:4      | Killed a phantom
  1153 | D:4      | Reached XP level 6. HP: 41/41 MP: 6/6
  1183 | Temple   | Entered the Ecumenical Temple
  1323 | Temple   | Became a worshipper of Cheibriados the Contemplative
  1908 | D:2      | Noticed Sigmund
  1920 | D:2      | Killed Sigmund
  1921 | D:2      | Reached skill level 4 in Stealth
  1921 | D:2      | Reached XP level 7. HP: 45/45 MP: 7/7
  2085 | D:3      | Reached * piety under Cheibriados
  3812 | D:5      | Entered Level 5 of the Dungeon
  3970 | D:5      | Reached skill level 5 in Evocations
  4139 | D:5      | Reached skill level 5 in Stealth
  4139 | D:5      | Reached XP level 8. HP: 19/52 MP: 8/8
  4140 | D:5      | Reached ** piety under Cheibriados
  4328 | D:5      | Reached skill level 5 in Unarmed Combat
  4450 | D:5      | Found an opulent altar of Gozag.
  5002 | D:5      | Identified the +9 dagger of Utyfelynn {speed, rC- rN++
                  | rCorr Dex-3}
  5411 | D:5      | Found Enki's Dragon-Slaying Spoils.
  5877 | D:6      | Reached *** piety under Cheibriados
  5878 | D:6      | Reached skill level 6 in Stealth
  6242 | D:6      | Reached skill level 5 in Dodging
  6242 | D:6      | Reached XP level 9. HP: 53/59 MP: 9/9
  6287 | D:6      | Paralysed by a gnoll for 2 turns
  6497 | D:6      | Noticed Duvessa
  6498 | D:6      | Noticed Dowan
  6505 | D:6      | Killed Duvessa
  6506 | D:6      | Killed Dowan
  6648 | D:6      | Noticed Grinder
  6655 | D:6      | Killed Grinder
  6656 | D:6      | Reached skill level 5 in Fighting
  6656 | D:6      | Reached skill level 7 in Stealth
  7108 | D:7      | HP: 2/61 [orc/+0 war axe (11)]
  7668 | D:8      | Reached **** piety under Cheibriados
  7819 | D:8      | Identified the +1 chain mail of Existentialism {Slay+2}
  7874 | D:8      | Found a transporter.
  7874 | D:8      | Found a transporter.
  7880 | D:8      | Noticed a boulder beetle
  7986 | D:8      | Reached skill level 1 in Invocations
  8004 | D:8      | Reached XP level 10. HP: 21/66 MP: 9/11
  8006 | D:8      | Reached skill level 8 in Stealth
  8006 | D:8      | HP: 3/100 [wight/+2 battleaxe (19)]
  8006 | D:8      | Slain by a wight

Illustrated notes

Levels and vault maps discovered:
D:1:      nzn_arrival_settlement, layout_basic, serial_rivers,
          chequers_serial_rivers_large_a, chequers_serial_rivers_marsh,
          chequers_serial_rivers_micro_e, chequers_serial_rivers_marsh,
          minmay_small_reverse_x
D:2:      layout_basic, ebering_ecumenical_altar_rust, minmay_tetromino_o4,
          uniq_sigmund
D:3:      layout_basic, serial_forest, infiniplex_forest_split,
          infiniplex_forest_end_2, infiniplex_forest_lined_corner,
          infiniplex_forest_lined_4_way, infiniplex_forest_3_way,
          infiniplex_forest_lined_corner, infiniplex_forest_straight_2,
          infiniplex_forest_lined_3_way
D:4:      minmay_door_path, layout_loops_ring, minmay_temple_entry_hall,
          serial_bayou_pond_d, minmay_bent
D:5:      layout_cave_pods, mainiacjoe_overflow_chevrons,
          nicolae_shop_dragon_depot, corexii_shack
D:6:      layout_basic, uniq_grinder, uniq_duvessa
D:7:      layout_gridville, fiery_altar_vehumet
D:8:      gammafunk_boulding_lane, layout_loops_ring
Temple:   nicolae_temple_slightly_damp_pantheon

Skill      XL: |  1  2  3  4  5  6  7  8  9 10 |
---------------+-------------------------------+-----
Unarmed Combat | 2 3 4 6 7 |  7.9
Stealth        | 2 3 4 5 6 7 8 |  8.0
Fighting       | 2 3 4 5 |  5.6
Dodging        | 3 4 5 6 |  6.0
Evocations     | 4 5 6 |  6.8
Invocations    | 1 |  1.8

Action                   |  1- 3 |  4- 6 |  7- 9 | 10-12 || total
-------------------------+-------+-------+-------+-------++-------
Melee: Unarmed           |    41 |    87 |   292 |     3 ||   423
       Constrict         |    12 |    24 |    70 |     1 ||   107
       Tentacles         |    10 |    24 |    70 |     1 ||   105
       Punch             |       |     1 |    15 |       ||    16
Evoke: Wand              |     6 |     8 |    36 |       ||    50
  Use: Potion            |       |       |    12 |       ||    12
 Stab: Sleeping          |     3 |     6 |    17 |       ||    26
Armor: Skin              |     2 |     6 |    14 |       ||    22
Dodge: Dodged            |    39 |    53 |   229 |     1 ||   322

Table legend: (Time is in decaauts)
 A = Elapsed time spent in this place.
 B = Non-inter-level travel time spent in this place.
 C = Inter-level travel time spent in this place.
 D = Time resting spent in this place.
 E = Time spent auto-exploring this place.
 F = Levels seen in this place.
 G = Mean time per level.
                   A        B        C        D        E       F      G
               +--------+--------+--------+--------+--------+-----+--------+
         Total |   9676 |   9257 |    419 |   1383 |   6413 |   9 | 1075.1 |
       Dungeon |   9518 |   9117 |    401 |   1383 |   6297 |   8 | 1189.8 |
        Temple |    158 |    140 |     18 |      0 |    116 |   1 |  158.0 |
               +--------+--------+--------+--------+--------+-----+--------+

Top non-repeatable levels by time:
     D:5: 2211 daAuts
     D:3: 1524 daAuts
     D:6: 1518 daAuts
     D:4: 1456 daAuts
     D:7: 1085 daAuts
     D:1: 633 daAuts
     D:2: 623 daAuts
     D:8: 463 daAuts
  Temple: 158 daAuts
